 Dungeon Crawl Stone Soup version 0.29.1-2-gbd0b4ee654 (webtiles) character file.

Game seed: 8416138479381778499

95 warriortoast the Conjurer (level 4, -2/33 HPs)
             Began as a Draconian Conjurer on Nov 29, 2022.
             Killed from afar by an orc wizard (8 damage)
             ... with a puff of flame
             ... on level 3 of the Dungeon.
             The game lasted 00:06:26 (3162 turns).

warriortoast the Conjurer (Draconian Conjurer)      Turns: 3162, Time: 00:06:26

Health: -2/33      AC:  5    Str:  9    XL:     4   Next: 40%
Magic:  8/8        EV: 12    Int: 20    God:
Gold:   195        SH:  0    Dex: 10    Spells: 2/8 levels left

rFire   . . .      SeeInvis .   c - +0 rapier
rCold   . . .      Faith    .   (no shield)
rNeg    . . .      Spirit   .   (body armour unavailable)
rPois   .          Reflect  .   (helmet restricted)
rElec   .          Harm     .   (no cloak)
rCorr   .          Rampage  .   (no gloves)
Will    .....                   (no boots)
Stlth   ++........              (no amulet)
HPRegen 0.11/turn               (no ring)
MPRegen 0.11/turn               (no ring)

@: no status effects
A: AC +5, unfitting armour, cold-blooded
a: no special abilities


You were on level 3 of the Dungeon.
You visited 1 branch of the dungeon, and saw 4 of its levels.

You collected 195 gold pieces.

Inventory:

Hand Weapons
 c - a +0 rapier (weapon)
Scrolls
 b - 6 scrolls of identify {unknown}
 d - a scroll of brand weapon {unknown}
 g - a scroll of poison {unknown}
 h - a scroll of blinking {unknown}
 j - a scroll of magic mapping {unknown}
 k - a scroll of summoning {unknown}
 m - 2 scrolls of silence {unknown}
 n - a scroll of enchant weapon {unknown}
 o - a scroll of teleportation {unknown}
 p - a scroll of immolation {unknown}
Potions
 a - a potion of magic
 e - a potion of lignification {unknown}
 f - 4 potions of mutation {unknown}
 i - 2 potions of brilliance {unknown}
 l - 2 potions of degeneration {unknown}
 q - a potion of curing {unknown}


   Skills:
 + Level 0.1 Fighting
 + Level 2.5 Dodging
 + Level 2.7 Stealth
 + Level 2.7 Spellcasting
 + Level 4.4 Conjurations
 + Level 0.1 Hexes


You had 2 spell levels left.
You knew the following spells:

 Your Spells              Type           Power      Damage    Failure   Level
a - Magic Dart            Conj           80%        1d7       2%          1
b - Searing Ray           Conj           40%        2d5       3%          2
c - Dazzling Flash        Conj/Hex       22%        N/A       17%         3

Your spell library contained the following spells:

 Spells                   Type           Power      Damage    Failure   Level
 Gell's Gravitas          Tloc           2%         N/A       41%         3
 Teleport Other           Tloc           2%         N/A       41%         3
 Fulminant Prism          Conj/Hex       5%         3d7       50%         4
 Iskenderun's Mystic Bla  Conj/Tloc      11%        2d4       50%         4
 Dispersal                Tloc           1%         N/A       100%        6


Dungeon Overview and Level Annotations

Branches:
Dungeon (4/15)
 Temple: D:4-7

Altars:
Dithmenos
Makhleb
Qazlal
Xom

Annotations:
D:4 exclusion: ogre


Innate Abilities, Weirdness & Mutations

Your plain brown scales are hard. (AC +5)
You cannot fit into any form of body armour.
You are cold-blooded and may be slowed by cold attacks.


Message History

Something hits you but does no damage.
You miss something. Something hits you but does no damage.
You hear some strange, mumbled words.
You are confused.
Something hits you but does no damage.
You hear some strange, mumbled words.
Something tries to affect you, but you resist.
You're too confused to move!
You barely miss something.
Your tail-slap misses something.
Something hits you.
You closely miss something. Something hits you.
You bump into the rock wall.
Something hits you but does no damage.
You miss something.
You feel less confused. Something hits you.
You miss something. Something hits you but does no damage.
You completely miss something. Something hits you. x2
You closely miss something. Something hits you but does no damage.
You miss something. Something hits you.
You closely miss something. Something hits you but does no damage.
You hit something.
You hear some strange, mumbled words.
You are confused.
You bump into the rock wall.
Something hits you.
You closely miss something.
Your tail-slap misses something.
Something hits you. x2
You bump into the rock wall.
Something hits you but does no damage. Something hits you but does no damage.
You completely miss something.
Your tail-slap misses something.
Something hits you.
You barely miss something.
You feel less confused. Something hits you.
* * * LOW HITPOINT WARNING * * *
You hit something. Something hits you.
* * * LOW HITPOINT WARNING * * *
You closely miss something.
You hear some strange, mumbled words.
A puff of flame appears from out of thin air!
The puff of flame hits you!
You die...

#....#.......#
#.##.#.#####.# ######
#.##.#.##.##.###.<..#
#....#.##....#....#.#
#..###.##.####....#.###
#......#..# #.........
##.#.(...## ##.#....###
#.#.########.......###
#.#..@{....#..#.##....
######.###.#.##.#..#..#....
##............##....##.#....
#...........####.>.....#....
#...........####..##.####...
#.............##........#.##
#.............##..#.###.#.#
#.............##..#.....####
#....#####....##..........._


There were no monsters in sight!

Vanquished Creatures
  3 adders
  3 worms
  A dart slug (D:1)
  2 orcs (D:4)
  4 endoplasms
  6 giant cockroaches
  5 goblins
  4 hobgoblins
  4 jackals (D:3)
  2 quokkas (D:3)
  3 ball pythons
  4 bats (D:1)
  8 frilled lizards
  3 kobolds
  2 rats (D:1)
54 creatures vanquished.

Notes
Turn   | Place    | Note
-------+----------+-------------------------------------------
     0 | D:1      | warriortoast the Draconian Conjurer began the quest for the
                  | Orb.
     0 | D:1      | Reached XP level 1. HP: 14/14 MP: 3/3
   239 | D:1      | Reached XP level 2. HP: 20/20 MP: 1/5
   746 | D:2      | You fall into a shaft and drop 2 floors!
  1027 | D:3      | Reached XP level 3. HP: 15/26 MP: 2/6
  1253 | D:3      | Found a burning altar of Makhleb.
  1253 | D:3      | Noticed a green death
  1551 | D:3      | Found a shadowy altar of Dithmenos.
  2543 | D:2      | Reached XP level 4. HP: 33/33 MP: 1/7
  2870 | D:4      | Learned a level 2 spell: Searing Ray
  2874 | D:4      | Learned a level 3 spell: Dazzling Flash
  2959 | D:4      | Found a stormy altar of Qazlal.
  2986 | D:4      | Found a shimmering altar of Xom.
  2995 | D:4      | Noticed an ogre
  3162 | D:3      | Killed from afar by an orc wizard

Illustrated notes

Levels and vault maps discovered:
D:1:      lightli_arrival_lavapool, layout_rooms, solitary_fountain
D:2:      layout_basic, reono_crystal_passage
D:3:      layout_basic, makhleb_altar_promises_db, grunt_dithmenos_smoke
D:4:      layout_rooms, amcnicky_altar_gilded, xom_butterflies,
          nicolae_ru_sacrificial_ziggurat, kennysheep_nub,
          kennysheep_windowed_goal, uniq_natasha, uniq_crazy_yiuf_cottage

Skill      XL: |  1 |
---------------+----+-----
Stealth        | 2 |  2.7
Dodging        | 2 |  2.5
Fighting       | |  0.1
Spellcasting   | |  2.7
Conjurations   | |  4.4
Hexes          | |  0.1

Action                   |  1- 3 |  4- 6 || total
-------------------------+-------+-------++-------
Melee: Rapier            |    33 |    16 ||    49
       Tailslap          |     5 |     1 ||     6
 Cast: Magic Dart        |    85 |    29 ||   114
Armor: Skin              |    14 |    11 ||    25
Dodge: Dodged            |    24 |     4 ||    28
